 Dungeon Crawl Stone Soup version 0.22-a0-305-gd21a89c (webtiles) character file.

29 grindst0ne the Skirmisher (level 3, -7/30 HPs)
             Began as a Formicid Abyssal Knight on Mar 30, 2018.
             Was a Follower of Lugonu.
             Mangled by Terence
             ... wielding a +0 flail
              (8 damage)
             ... on level 2 of the Dungeon.
             The game lasted 00:03:00 (1051 turns).

grindst0ne the Skirmisher (Formicid Abyssal Knight) Turns: 1051, Time: 00:03:01

Health: -7/30      AC:  5    Str: 17    XL:     3   Next: 32%
Magic:  5/5        EV: 10    Int: 11    God:    Lugonu [*.....]
Gold:   64         SH:  0    Dex: 10    Spells: 2/2 levels left

rFire    + . .     SeeInvis +   a - +1 hand axe
rCold    + . .     Gourm    .   (no shield)
rNeg     . . .     Faith    .   h - +0 ring mail
rPois    +         Spirit   .   (helmet unavailable)
rElec    +         Reflect  .   (no cloak)
rCorr    +         Harm     .   (no gloves)
MR       .....                  (no boots)
Stlth    ..........             (no amulet)
HPRegen  0.10/turn              (no ring)
MPRegen  0.09/turn              (no ring)

@: resistant
A: permanent stasis, dig shafts and tunnels, four strong arms, antennae 3
a: Dig, Shaft Self, Depart the Abyss, Renounce Religion


You were on level 2 of the Dungeon.
You worshipped Lugonu.
Lugonu was aware of your devotion.
You were hungry.

You visited 1 branch of the dungeon, and saw 2 of its levels.
You visited the Abyss 1 time.

You collected 64 gold pieces.

Inventory:

Hand Weapons
 a - a +1 hand axe (weapon)
Armour
 b - a +0 leather armour
 h - a +0 ring mail (worn)
Scrolls
 e - a scroll of remove curse {unknown}
 f - a scroll of magic mapping {unknown}
 k - a scroll of identify
Potions
 j - a potion of heal wounds {unknown}
Comestibles
 c - a ration
 g - 3 chunks of flesh


   Skills:
 + Level 3.7 Fighting
 - Level 2.0 Axes
 + Level 2.9 Armour
 - Level 0.8 Dodging
 + Level 3.0 Invocations


You had 2 spell levels left.
You didn't know any spells.

Dungeon Overview and Level Annotations

Branches:
Dungeon (2/15)

Altars:

Annotations:
D:2 Terence


Innate Abilities, Weirdness & Mutations

You cannot be hasted, slowed, berserked, paralysed or teleported.
You can dig through walls and to a lower floor.
Your four strong arms can wield two-handed weapons with a shield.
You have a pair of large antennae on your head. (SInv)


Message History

Terence is heavily wounded.
Terence barely misses you.
You hit Terence.
Terence is severely wounded.
Terence misses you.
You hit Terence but do no damage.
Terence is severely wounded.
Terence hits you but does no damage.
You hit Terence.
Terence is severely wounded.
Terence hits you with a flail.
* * * LOW HITPOINT WARNING * * *
You barely miss Terence.
Terence is severely wounded.
Terence hits you with a flail.
* * * LOW HITPOINT WARNING * * *
It was a potion of resistance.
You feel protected. Terence hits you with a flail!
You die...

.....8.
.....P. #.
.....8. ..
....... #.
.......## ..
........###.#
........†.#.#
........#...#
........@@.##
.........<##
.........##
........##
....#...#
.##.... #.#..
...#. #.


You could see Terence.

Vanquished Creatures
  A dart slug (D:2)
  A leopard gecko (D:1)
  6 goblins (D:1)
  2 hobgoblins (D:1)
  4 jackals (D:1)
  2 kobolds (D:1)
  A bat (D:1)
  3 frilled lizards (D:1)
  4 rats
24 creatures vanquished.

Notes
Turn   | Place    | Note
-------+----------+-------------------------------------------
     0 | Abyss:1  | grindst0ne the Formicid Abyssal Knight began the quest for the Orb.
     0 | Abyss:1  | Reached XP level 1. HP: 18/18 MP: 2/2
     8 | Abyss:1  | Found a snail-covered altar of Cheibriados.
   115 | Abyss:1  | Noticed a small abomination
   130 | Abyss:1  | Noticed a thrashing horror
   130 | D:1      | Escaped the Abyss
   231 | D:1      | Reached XP level 2. HP: 9/24 MP: 3/3
   553 | D:1      | Reached * piety under Lugonu
   740 | D:1      | Reached XP level 3. HP: 24/30 MP: 5/5
  1026 | D:2      | Noticed Terence
  1050 | D:2      | HP: 1/30 [Terence/flail (6)]
  1051 | D:2      | Mangled by Terence

Vault maps used:
D:1:      ncdulo_wetmaze
D:2:      serial_undead, serial_undead_b, serial_undead_f, serial_undead_c,
          serial_undead_c, led_sif_pool, uniq_terence

Skill      XL: |  1  2  3 |
---------------+----------+-----
Invocations    | 3 |  3.0
Fighting       | |  3.7
Axes           | |  2.0
Armour         | |  2.9
Dodging        | |  0.8

Action                   || total
-------------------------++-------
Melee: Hand axe          ||    93
Invok: Depart the Abyss  ||     1
  Use: Scroll            ||     2
       Potion            ||     2
Armor: Leather armour    ||    11
       Ring mail         ||    15
Dodge: Dodged            ||    65

Table legend:
 A = Spawn XP
 B = Non-spawn XP
 C = Spawn XP percentage of total XP
 D = Spawn monster count
 E = Non-spawn monster count
 F = Spawn count percentage of total count
 G = Total turns spent on level
                    A         B        C        D         E        F      G
               +---------+---------+-------+---------+---------+-------+---------
         Total |       0 |      42 |   0.0 |       0 |      24 |   0.0 |  1051
               +---------+---------+-------+---------+---------+-------+---------
           D:1 |       0 |      37 |   0.0 |       0 |      22 |   0.0 |   894
           D:2 |       0 |       5 |   0.0 |       0 |       2 |   0.0 |    27
               +---------+---------+-------+---------+---------+-------+---------
